 Dungeon Crawl Stone Soup version 0.30-a0-939-gc8157cb160 (webtiles) character file.

Game seed: 11812047139617478311

135 112233 the Grave Robber (level 4, 0/45 HPs)
             Began as a Demonspawn Necromancer on Mar 25, 2023.
             Killed from afar by an orc wizard (10 damage)
             ... with a magic dart
             ... on level 3 of the Dungeon.
             The game lasted 00:02:27 (2265 turns).

112233 the Grave Robber (Demonspawn Necromancer)    Turns: 2265, Time: 00:02:28

Health: 0/45       AC: 22    Str:  8    XL:     4   Next: 96%
Magic:  1/9        EV:  2    Int: 19    God:
Gold:   96         SH:  0    Dex: 13    Spells: 6/10 levels left

rFire   . . .      SeeInvis .    e - +0 dagger
rCold   . . .      Faith    .    (no shield)
rNeg    . . .      Spirit   .    a - melded +0 robe
rPois   +          Reflect  .    (helmet currently unavailable)
rElec   .          Rampage  .    h - melded +0 cloak
rCorr   .          NoTele   +    (gloves currently unavailable)
Will    .....                    (boots currently unavailable)
Stlth   ++                       (no amulet)
HPRegen 0.27/turn                (no ring)
MPRegen 0.11/turn                (no ring)

@: mighty, tree-form, on berserk cooldown, slowed, very slow
A: stationary, stasis, torment immunity, boosted hp, (antennae 1), demonic magic
1
a: no special abilities


You were on level 3 of the Dungeon.
You were a tree.
You visited 1 branch of the dungeon, and saw 3 of its levels.

You collected 96 gold pieces.

Inventory:

Hand Weapons
 e - a +0 dagger (weapon)
Armour
 a - a +0 robe (melded)
 h - a +0 cloak (melded)
Scrolls
 c - 2 scrolls of amnesia {unknown}
 d - 2 scrolls of identify {unknown}
 i - a scroll of fear {unknown}
Potions
 f - a potion of might


   Skills:
 - Level 1.7 Dodging
 - Level 1.7 Stealth
 + Level 3.6 Spellcasting
 + Level 5.8 Necromancy


You had 6 spell levels left.
You knew the following spells:

 Your Spells              Type           Power      Damage    Failure   Level
a - Necrotise             Necr           100%       1d9       1%          1
b - Vampiric Draining     Necr           25%        2d7       4%          3

Your spell library contained the following spells:

 Spells                   Type           Power      Damage    Failure   Level
 Animate Dead             Necr           25%        N/A       13%         4
 Agony                    Necr           25%        N/A       36%         5


Dungeon Overview and Level Annotations

Branches:
Dungeon (3/15)

Altars:


Innate Abilities, Weirdness & Mutations

You are a tree.
Your roots penetrate the ground, keeping you stationary.
You cannot be teleported.
You are immune to unholy pain and torment.
Your maximum health is greatly increased.
Your equipment is partially melded.
((You have a pair of small antennae on your head.))
Spells you cast may paralyse adjacent enemies.


Message History

Unknown command.
It was a potion of lignification.
You turn into a tree.
Your +0 cloak melds into your body.
Your +0 robe melds into your body.
Your roots penetrate the ground.
The orc wizard hits you but does no damage.
Unknown command.
Casting: Necrotise (safe; 1% risk of failure)
Confirm with . or Enter, or press ? or * to list all spells.
Aiming: Vampiric Draining (dangerous; 4% risk of failure)
Press: ? - help, Shift-Dir - straight line, f - orc wizard
Aim: an orc wizard, wielding a +0 dagger and wearing a +0 robe (moderately wounded)
You draw life force from the orc wizard.
You feel life coursing into your body. Malevolent energies surge around you.
The orc wizard suddenly stops moving!
The orc wizard is no longer paralysed.
The orc wizard hits you with a +0 dagger.
* * * LOW HITPOINT WARNING * * *
The rat twitches its whiskers.
The orc hits you but does no damage.
You hit the orc wizard.
The orc wizard is almost dead.
The orc hits you but does no damage.
The orc wizard gestures wildly while chanting.
The orc wizard flickers and vanishes!
Deactivating autopickup; reactivate with Ctrl-A.
Unknown command.
You cannot move.
Unknown command.
You closely miss the orc.
You hear some strange, mumbled words.
A magic dart appears from out of thin air!
The magic dart hits you but does no damage.
The orc hits you but does no damage. Something completely misses you.
The orc hits you but does no damage.
Unknown command.
You cannot move.
You miss something. The orc hits you but does no damage.
You hear some strange, mumbled words.
A magic dart appears from out of thin air!
The magic dart hits you!
You die...

...>.)# ..... ...
#)# #.# #.# #r#
##o### #.♣{.#
#....# #....#
#....#♣♣ #......♣♣
##.#.#♣.♣♣♣♣♣♣♣
#.#.#♣♣......♣♣♣♣♣
#.#.# ♣♣♣♣♣♣♣.♣{Z.
#.#.# ♣♣.♣♣.


You could see an orc and a rat.

Vanquished Creatures
  2 orc priests (D:3)
  3 adders (D:2)
  2 worms (D:2)
  A dart slug (D:1)
  4 orcs (D:3)
  5 ball pythons
  2 bats
  An endoplasm (D:3)
  2 giant cockroaches (D:1)
  4 goblins
  3 hobgoblins (D:3)
  2 frilled lizards
  2 kobolds
  6 rats
  A spectral goblin (D:1)
40 creatures vanquished.

Vanquished Creatures (collateral kills)
  A giant cockroach (D:3)
  A goblin (D:2)
2 creatures vanquished.

Grand Total: 42 creatures vanquished

Notes
Turn   | Place    | Note
-------+----------+-------------------------------------------
     0 | D:1      | 112233 the Demonspawn Necromancer began the quest for the
                  | Orb.
     0 | D:1      | Reached XP level 1. HP: 13/13 MP: 3/3
   221 | D:1      | Found a faded altar of an unknown god.
   260 | D:2      | Gained mutation: Spells you cast may paralyse adjacent
                  | enemies. [demonic ancestry]
   260 | D:2      | Reached XP level 2. HP: 18/18 MP: 3/5
   492 | D:2      | Reached skill level 5 in Necromancy
   492 | D:2      | Gained mutation: You have a pair of small antennae on your
                  | head. [demonic ancestry]
   492 | D:2      | Reached XP level 3. HP: 24/24 MP: 2/7
   497 | D:2      | Learned a level 3 spell: Vampiric Draining
   949 | D:1      | You fall into a shaft and drop 1 floor!
  1974 | D:3      | Reached XP level 4. HP: 18/30 MP: 2/9
  2265 | D:3      | Killed from afar by an orc wizard

Illustrated notes

Levels and vault maps discovered:
D:1:      dpeg_arrival_shrine, layout_rooms,
          dreamdust_ecumenical_altar_drowned_temple
D:2:      layout_loops_ring, minivault_19, minmay_misc_feat_x,
          kennysheep_cluttered_room, minmay_misc_feat_square,
          serial_bayou_ford_a
D:3:      kb_forest_paths, layout_basic, kennysheep_generic_room_2, uniq_ijyb

Skill      XL: |  1  2  3 |
---------------+----------+-----
Necromancy     | 5 |  5.8
Spellcasting   | 3 |  3.6
Dodging        | |  1.7
Stealth        | |  1.7

Action                     |  1- 3 |  4- 6 || total
---------------------------+-------+-------++-------
  Melee: Unarmed           |    11 |       ||    11
         Dagger            |     7 |    18 ||    25
         Punch             |     1 |     1 ||     2
   Cast: Necrotise         |    62 |    16 ||    78
         Vampiric Draining |       |     2 ||     2
    Use: Potion            |     2 |     3 ||     5
   Stab: Paralysed         |     4 |       ||     4
 Armour: Robe              |     4 |       ||     4
         Skin              |       |     7 ||     7
  Dodge: Dodged            |    18 |    10 ||    28

Table legend: (Time is in decaauts)
 A = Elapsed time spent in this place.
 B = Non-inter-level travel time spent in this place.
 C = Inter-level travel time spent in this place.
 D = Time resting spent in this place.
 E = Time spent auto-exploring this place.
 F = Levels seen in this place.
 G = Mean time per level.
                   A        B        C        D        E       F      G
               +--------+--------+--------+--------+--------+-----+--------+
         Total |   2290 |   2133 |    157 |      0 |   1852 |   3 |  763.3 |
       Dungeon |   2290 |   2133 |    157 |      0 |   1852 |   3 |  763.3 |
               +--------+--------+--------+--------+--------+-----+--------+

Top non-repeatable levels by time:
     D:2: 1114 daAuts
     D:1: 724 daAuts
     D:3: 452 daAuts
